 Dungeon Crawl Stone Soup version 0.30-a0-782-ge64f9170bb (webtiles) character file.

Game seed: 9276490807568034399

62494 mopl the Tainter (level 15, -1/115 (117) HPs)
             Began as a Formicid Venom Mage on Mar 10, 2023.
             Was the Champion of Cheibriados.
             Slain by an ice devil (22 damage)
             ... summoned by an obsidian statue
             ... on level 5 of the Lair of Beasts on Mar 11, 2023.
             The game lasted 00:32:45 (15295 turns).

mopl the Tainter (Formicid Venom Mage)             Turns: 15295, Time: 00:32:46

HP:   -1/115 (117)  AC: -3    Str: 27    XL:     15   Next: 46%
MP:   31/31         EV: 21    Int: 42    God:    Cheibriados [******]
Gold: 1458          SH:  0    Dex: 29    Spells: 4/21 levels left

rFire   . . .      SeeInvis +    a - +9 hand axe of Rikhlima {venom, Int+4}
rCold   . . .      Faith    .    O - orb {light}
rNeg    . . .      Spirit   .    t - +0 troll leather armour {Pargi}
rPois   .          Reflect  .    (helmet unavailable)
rElec   .          Harm     .    N - +2 cloak
rCorr   .          Rampage  .    A - +0 pair of gloves
Will    +....                    V - +0 pair of boots
Stlth   ++                       i - amulet of the acrobat
HPRegen 1.19/turn                j - +4 ring of protection
MPRegen 0.22/turn                m - ring of magical power

@: mighty, on fire, corroded, mesmerised, glowing, lightly drained, very slow
A: permanent stasis, dig shafts and tunnels, antennae 3, four strong arms,
devolution 1
a: Dig, Shaft Self, Renounce Religion, Bend Time, Temporal Distortion, Slouch,
Step From Time


You were on level 5 of the Lair of Beasts.
You worshipped Cheibriados.
Cheibriados was exalted by your worship.
You visited 4 branches of the dungeon, and saw 19 of its levels.
You also visited: Sewer and Volcano.

You collected 2098 gold pieces.
You spent 640 gold pieces at shops.

Inventory:

Hand Weapons
 a - the +9 hand axe of Rikhlima (weapon) {venom, Int+4}
   (You found it on level 3 of the Dungeon)

   Int:       It affects your intelligence (+4).
 b - a +0 hand axe of flaming
Missiles
 w - 54 poisoned darts
 M - 5 javelins
 P - 3 throwing nets
 Q - 26 boomerangs
Armour
 t - a +0 troll leather armour (worn) {Pargi}
 x - a +1 ring mail of cold resistance
 A - a +0 pair of gloves (worn)
 N - a +2 cloak (worn)
 O - an orb of light (worn)
 T - +0 acid dragon scales
 V - a +0 pair of boots (worn)
Jewellery
 e - a ring of ice
 i - an amulet of the acrobat (around neck)
 j - a +4 ring of protection (left hand)
 m - a ring of magical power (right hand)
 W - a ring of willpower
Wands
 h - a wand of flame (33)
 C - a wand of quicksilver (20)
 E - a wand of digging (4)
 F - a wand of iceblast (6)
 G - a wand of mindburst (13)
 J - a wand of paralysis (34)
 U - a wand of polymorph (6)
Scrolls
 c - 4 scrolls of immolation {unknown}
 d - a scroll of enchant armour
 f - 7 scrolls of teleportation {unknown}
 n - 2 scrolls of vulnerability
 q - 6 scrolls of fog {unknown}
 r - 3 scrolls of enchant weapon
 s - 8 scrolls of magic mapping {unknown}
 u - 2 scrolls of summoning
 I - 3 scrolls of brand weapon
 K - 2 scrolls of fear
 L - 3 scrolls of poison
 X - 4 scrolls of blinking {unknown}
 Z - a scroll of silence {!r}
Potions
 g - 7 potions of curing
 p - a potion of ambrosia
 v - 4 potions of might
 y - 3 potions of magic
 z - a potion of resistance
 B - 3 potions of invisibility
 D - a potion of lignification {!q}
 H - a potion of cancellation
 S - 2 potions of flight


   Skills:
 + Level 10.8 Fighting
 + Level 9.4 Throwing
 + Level 10.7 Armour
 + Level 9.2 Dodging
 - Level 6.0 Stealth
 + Level 3.8 Spellcasting
 + Level 1.9 Translocations
 - Level 5.0 Transmutations
 + Level 14.6 Poison Magic
 + Level 10.0 Invocations
 + Level 10.3 Evocations


You had 4 spell levels left.
You knew the following spells:

 Your Spells              Type           Power      Damage    Failure   Level
a - Manifold Assault      Tloc           24%        N/A       14%         4
b - Lesser Beckoning      Tloc           48%        N/A       2%          2
c - Mephitic Cloud        Conj/Pois/Air  48%        N/A       1%          3
d - Sting                 Tmut/Pois      100%       1d8       1%          1
g - Ignite Poison         Fire/Tmut/Pois 58%        N/A       1%          3
o - Olgreb's Toxic Radia  Pois           92%        N/A       1%          4

Your spell library contained the following spells:

 Spells                   Type           Power      Damage    Failure   Level
 Passwall                 Tmut/Erth      23%        N/A       1%          2
 Poisonous Vapours        Pois/Air       100%       N/A       1%          2
 Magic Dart               Conj           28%        1d4       3%          1
 Sandblast                Erth           14%        2d6       3%          1
 Call Imp                 Summ           7%         N/A       4%          2
 Gell's Gravitas          Tloc           24%        N/A       4%          3
 Teleport Other           Tloc           24%        N/A       4%          3
 Stone Arrow              Conj/Erth      14%        3d7       10%         3
 Animate Armour           Summ/Erth      14%        N/A       32%         4
 Sticky Flame             Conj/Fire      7%         2d3       32%         4
 Dispersal                Tloc           12%        N/A       92%         6
 Disjunction              Tloc           12%        N/A       100%        8
 Ignition                 Fire           3%         3d4       100%        8
 Lehudib's Crystal Spear  Conj/Erth      3%         10d3      100%        8


Dungeon Overview and Level Annotations

Branches:
Dungeon (11/15)            Temple (1/1) D:7            Lair (5/5) D:11
  Swamp (0/4) Lair:3        Snake (0/4) Lair:3        Slime (0/5) Lair:4
    Orc (2/2) D:11            Elf (0/3) Orc:2         Sewer (visited)
Volcano (visited)

Altars:
Ashenzari
Cheibriados
Dithmenos
Elyvilon
Fedhas
Gozag
Hepliaklqana
Kikubaaqudgha
Makhleb
Nemelex Xobeh
Okawaru
Qazlal
Ru
Sif Muna
Trog
Uskayaw
Vehumet
Wu Jian
Xom
Yredelemnul
Zin
The Shining One

Shops:
D:10 *   Orc:2 (*(:

Annotations:
D:8 fly
Lair:5 exclusion: obsidian statue


Innate Abilities, Weirdness & Mutations

You cannot be hasted, slowed, berserked, paralysed or teleported.
You can dig through walls and to a lower floor.
You have a pair of large antennae on your head. (SInv)
Your four strong arms can wield two-handed weapons with a shield.
You have hidden genetic defects.


Message History

The iron imp closely misses you.
You hit the obsidian statue but do no damage.
The obsidian statue is lightly damaged.
You hit the iron imp.
You carefully extract the barbed spikes from your body.
The iron imp hits you!
You hit the obsidian statue.
The obsidian statue is moderately damaged.
You hit the iron imp.
The iron imp looks as sick as possible!
You kill the iron imp!
The iron imp disappears in a puff of smoke!
The obsidian statue's eyes glow briefly.
You hit the obsidian statue but do no damage.
The obsidian statue is moderately damaged.
You hit the smoke demon.
The obsidian statue's eyes glow briefly.
The smoke demon gestures at you. The sticky flame misses you.
You hit the obsidian statue but do no damage.
The obsidian statue is moderately damaged.
You hit the white imp but do no damage.
You hit the smoke demon but do no damage.
The obsidian statue's eyes glow briefly.
The smoke demon misses you. x2; The smoke demon completely misses you.
The white imp misses you.
You hit the obsidian statue.
The obsidian statue is moderately damaged.
You hit the neqoxec. You hit the smoke demon.
You hit the ice devil but do no damage. You hit the white imp but do no damage.
The obsidian statue's eyes glow briefly.
The obsidian statue draws you further into its thrall.
The smoke demon gestures at you. The sticky flame hits you!
You are covered in liquid flames!
* * * LOW HITPOINT WARNING * * *
The white imp barely misses you. The neqoxec barely misses you.
The ice devil hits you!
* * * LOW HITPOINT WARNING * * *
The ice devil freezes you!!
You die...

.###P..P♣##########..........P###
...###♣♣##.....8# ##..........#
##.#### #..)..(# #.........##
#....####.....8####.........##
####....#'#########..........#
{####.#.# )##.......#..# {{ #...#
+##.......#### {{ #..8#
♣♣8♣#......##
##++#''####♣♣@4§#......#
#......#....335##.P.#.##
###P.........♣.##.PP#.#
##.......P♣♣##..##### ####.#.#♣♣
##P# ##### ###


You could see an obsidian statue (mesmerising), an ice devil (summoned), a smoke
demon (summoned), a neqoxec (summoned) and a white imp (summoned).

Vanquished Creatures
  Jorgrun (Orc:1)
  A dire elephant (Lair:5)
  Snorg (Lair:4)
  3 hydras
  Fannar (D:10)
  A catoblepas (Lair:5)
  2 two-headed ogres
  3 orc high priests (Orc:2)
  Amaemon (D:9)
  5 skysharks
  A deep elf archer (Volcano)
  A necromancer (Lair:5)
  4 orc knights (Orc:2)
  8 deep elf pyromancers (Volcano)
  6 orc sorcerers
  A manticore (D:11)
  2 cyclopes (D:11)
  Joseph (D:7)
  10 elephants
  3 black mambas
  9 cane toads
  A guardian serpent (Lair:3)
  An orange demon (D:10)
  A gargoyle (D:11)
  Maggie (D:7)
  2 torpor snails (Lair:4)
  2 unseen horrors
  3 rime drakes
  6 komodo dragons
  6 polar bears
  7 trolls
  20 blink frogs
  8 dream sheep
  2 shadows (D:11)
  2 wyverns (Lair:5)
  A wraith (D:10)
  3 fire elementals (Volcano)
  52 yaks
  Eustachio (D:5)
  A steam dragon (D:9)
  2 basilisks (Lair:4)
  3 wargs
  A spectral cane toad (Lair:5)
  An acid dragon (D:10)
  6 hell hounds (Volcano)
  18 water moccasins
  A swamp drake (D:11)
  2 sky beasts
  25 orc warriors
  Pargi (Sewer)
  An ice beast (D:6)
  2 black bears
  5 ogres
  10 centaurs
  15 wolves (Lair:5)
  A phantom (D:5)
  2 kobold brigands
  10 bullfrogs
  2 gnoll sergeants
  6 scorpions
  A necrophage (D:8)
  4 wights (D:9)
  14 killer bees
  8 electric eels
  3 howler monkeys (D:9)
  A jelly (D:7)
  2 lava snakes (Lair:5)
  17 orc priests
  2 gnoll boudas
  3 iguanas
  16 orc wizards
  Robin (D:3)
  10 adders
  22 gnolls
  A white imp (D:6)
  A dart slug (D:5)
  82 orcs
  10 endoplasms
  A giant cockroach (D:3)
  6 goblins
  13 hobgoblins
  8 jackals
  3 quokkas
  6 ball pythons
  7 bats
  4 frilled lizards
  18 kobolds
  3 rats
  A butterfly (D:7)
567 creatures vanquished.

Vanquished Creatures (others)
  25 fungi
  27 plants
  11 withered plants (Lair:5)
63 creatures vanquished.

Grand Total: 630 creatures vanquished

Notes
Turn   | Place    | Note
-------+----------+-------------------------------------------
     0 | D:1      | mopl the Formicid Venom Mage began the quest for the Orb.
     0 | D:1      | Reached XP level 1. HP: 13/13 MP: 3/3
   225 | D:1      | Found a faded altar of an unknown god.
   306 | D:1      | Reached XP level 2. HP: 19/19 MP: 1/5
   613 | D:1      | Reached XP level 3. HP: 18/24 MP: 0/7
   619 | D:1      | Reached skill level 3 in Spellcasting
   619 | D:1      | Reached skill level 5 in Poison Magic
   764 | D:1      | Reached XP level 4. HP: 30/30 MP: 0/8
   837 | D:1      | Learned a level 4 spell: Olgreb's Toxic Radiance
  1230 | D:2      | Reached skill level 6 in Poison Magic
  1455 | D:3      | Noticed Robin
  1496 | D:3      | Identified the +9 hand axe of Rikhlima {venom, Int+4}
  1531 | D:3      | Reached XP level 5. HP: 28/35 MP: 9/9
  1567 | D:3      | Reached skill level 7 in Poison Magic
  1575 | D:3      | Found a glowing drain.
  1590 | Sewer    | Entered a sewer
  1676 | Sewer    | Noticed Pargi
  1701 | Sewer    | Killed Pargi
  1702 | Sewer    | Reached skill level 1 in Fighting
  1702 | Sewer    | Reached skill level 1 in Armour
  1702 | Sewer    | Reached skill level 2 in Dodging
  1702 | Sewer    | Reached XP level 6. HP: 36/43 MP: 0/10
  1940 | D:3      | Killed Robin
  2429 | D:4      | Reached skill level 2 in Armour
  2440 | D:4      | Reached skill level 2 in Fighting
  2440 | D:4      | Reached XP level 7. HP: 50/50 MP: 4/11
  2449 | D:4      | Noticed a water moccasin
  2456 | D:4      | Killed a water moccasin
  2457 | D:4      | Reached skill level 8 in Poison Magic
  2580 | D:4      | Identified the +2 cloak of the Armadillo {-Tele Rampage
                  | rPois rC-}
  2628 | D:4      | Reached skill level 3 in Dodging
  2753 | D:4      | Reached skill level 3 in Armour
  2753 | D:4      | Reached skill level 1 in Evocations
  2997 | D:5      | Entered Level 5 of the Dungeon
  3000 | D:5      | Reached skill level 3 in Fighting
  3000 | D:5      | Reached skill level 1 in Throwing
  3000 | D:5      | Reached XP level 8. HP: 58/58 MP: 7/12
  3111 | D:5      | Noticed Eustachio
  3120 | D:5      | Killed Eustachio
  3121 | D:5      | Reached skill level 2 in Evocations
  3334 | D:5      | Reached skill level 2 in Throwing
  3612 | D:5      | Reached skill level 4 in Armour
  3624 | D:5      | Learned a level 3 spell: Ignite Poison
  3628 | D:5      | Learned a level 3 spell: Mephitic Cloud
  4179 | D:6      | Reached skill level 4 in Fighting
  4322 | D:6      | Reached skill level 9 in Poison Magic
  4322 | D:6      | Reached XP level 9. HP: 61/65 MP: 13/13
  4367 | D:6      | Found a white marble altar of Elyvilon.
  4398 | D:6      | Reached skill level 4 in Dodging
  4398 | D:6      | Reached skill level 3 in Evocations
  4536 | D:6      | Reached skill level 2 in Transmutations
  4675 | D:6      | Reached skill level 3 in Throwing
  4823 | D:6      | Identified the +6 mace of Ynamuh {drain, *Rage +Blink rC+
                  | Int+3}
  4953 | D:7      | Noticed Joseph
  4964 | D:7      | Killed Joseph
  4965 | D:7      | Reached skill level 3 in Transmutations
  5046 | D:7      | Reached skill level 5 in Armour
  5059 | D:7      | Reached skill level 5 in Fighting
  5124 | D:7      | Reached skill level 4 in Evocations
  5231 | D:7      | Found a blossoming altar of Fedhas.
  5294 | D:7      | Noticed Maggie
  5305 | D:7      | Killed Maggie
  5306 | D:7      | Reached XP level 10. HP: 48/74 MP: 14/14
  5359 | D:7      | Found a staircase to the Ecumenical Temple.
  5458 | Temple   | Entered the Ecumenical Temple
  5491 | Temple   | Became a worshipper of Cheibriados the Contemplative
  5722 | D:8      | Noticed a two-headed ogre
  5735 | D:8      | Killed a two-headed ogre
  5736 | D:8      | Reached skill level 4 in Throwing
  5736 | D:8      | Reached skill level 5 in Dodging
  5736 | D:8      | Reached skill level 4 in Transmutations
  5736 | D:8      | Reached skill level 10 in Poison Magic
  5736 | D:8      | Reached skill level 1 in Invocations
  5802 | D:8      | Reached skill level 2 in Invocations
  5812 | D:8      | Reached skill level 6 in Armour
  5812 | D:8      | Reached skill level 5 in Evocations
  5989 | D:8      | Reached skill level 6 in Fighting
  6248 | D:8      | Reached * piety under Cheibriados
  6251 | D:8      | Reached skill level 3 in Invocations
  6325 | D:8      | Reached XP level 11. HP: 68/81 MP: 15/15
  6916 | D:9      | Reached skill level 5 in Throwing
  6926 | D:9      | Reached skill level 5 in Transmutations
  7049 | D:9      | Reached skill level 11 in Poison Magic
  7106 | D:9      | Reached skill level 6 in Evocations
  7108 | D:9      | Reached ** piety under Cheibriados
  7109 | D:9      | Reached skill level 6 in Dodging
  7109 | D:9      | Reached skill level 4 in Invocations
  7648 | D:10     | Entered Level 10 of the Dungeon
  7660 | D:10     | Noticed Amaemon
  7677 | D:9      | Killed Amaemon
  7678 | D:9      | Reached skill level 7 in Fighting
  7678 | D:9      | Reached skill level 7 in Armour
  7897 | D:10     | Reached *** piety under Cheibriados
  8068 | D:10     | Identified the +3 flail "Kiucw" {chaos, Dex+3 Stlth+}
  8085 | D:10     | Noticed Fannar
  8095 | D:10     | Killed Fannar
  8096 | D:10     | Reached skill level 6 in Throwing
  8096 | D:10     | Reached skill level 5 in Invocations
  8130 | D:10     | Reached XP level 12. HP: 78/91 MP: 16/16
  8145 | D:10     | Reached **** piety under Cheibriados
  8376 | D:10     | Found Esoneg's Assorted Antiques.
  8381 | D:10     | Bought a scroll labelled HIYSURPH SUTEF for 32 gold pieces
  8381 | D:10     | Bought a scroll labelled MAQIOT YGOU for 32 gold pieces
  8381 | D:10     | Bought a brightly glowing great sword for 368 gold pieces
  8381 | D:10     | Identified the +3 great sword of Anxiety {pain, rC+} (You
                  | bought it in a shop on level 10 of the Dungeon)
  8533 | D:10     | Found a glowing silver altar of Zin.
  8664 | D:11     | Found a staircase to the Lair.
  8754 | D:11     | Reached skill level 7 in Evocations
  8818 | D:11     | Reached skill level 12 in Poison Magic
  8899 | D:11     | Reached ***** piety under Cheibriados
  8942 | D:11     | Found a staircase to the Orcish Mines.
  8948 | D:11     | Reached skill level 8 in Armour
  8955 | D:11     | Reached skill level 6 in Invocations
  9090 | D:11     | Reached skill level 8 in Fighting
  9159 | D:11     | Reached skill level 7 in Dodging
  9488 | Orc:1    | Entered Level 1 of the Orcish Mines
  9539 | Orc:1    | Noticed Jorgrun
  9549 | Orc:1    | Killed Jorgrun
  9602 | Orc:1    | Noticed a two-headed ogre
  9607 | Orc:1    | Killed a two-headed ogre
  9608 | Orc:1    | Reached skill level 7 in Throwing
  9945 | Orc:2    | Entered Level 2 of the Orcish Mines
 10014 | Orc:2    | Reached XP level 13. HP: 82/99 MP: 18/18
 10028 | Orc:2    | Found a staircase to the Elven Halls.
 10071 | Orc:2    | Reached skill level 7 in Invocations
 10071 | Orc:2    | Reached skill level 8 in Evocations
 10131 | Orc:2    | Reached ****** piety under Cheibriados
 10133 | Orc:2    | Reached skill level 9 in Armour
 10134 | Orc:2    | Reached skill level 9 in Fighting
 10138 | Orc:2    | Reached skill level 13 in Poison Magic
 10412 | Orc:2    | Found Fijaus's Book Emporium.
 10412 | Orc:2    | Found Haurphufa's Weapon Emporium.
 10416 | Orc:2    | Found Jyviedue's Weapon Shop.
 10416 | Orc:2    | Found Pokiewet's General Store.
 10434 | Orc:2    | Bought a scroll of noise for 13 gold pieces
 10434 | Orc:2    | Bought a potion of resistance for 130 gold pieces
 10434 | Orc:2    | Bought a potion of heal wounds for 65 gold pieces
 10680 | Lair:1   | Entered Level 1 of the Lair of Beasts
 10787 | Lair:1   | Reached skill level 8 in Dodging
 10878 | Lair:1   | Reached skill level 8 in Invocations
 11518 | Lair:2   | Reached skill level 8 in Throwing
 11522 | Lair:2   | Reached skill level 9 in Evocations
 11528 | Lair:2   | Reached XP level 14. HP: 65/108 MP: 10/20
 12240 | Lair:3   | Found a staircase to the Snake Pit.
 12397 | Lair:3   | Reached skill level 3 in Stealth
 12432 | Lair:3   | Found a staircase to the Swamp.
 13005 | Lair:4   | Reached skill level 10 in Fighting
 13047 | Lair:4   | Reached skill level 4 in Stealth
 13047 | Lair:4   | Reached skill level 9 in Invocations
 13049 | Lair:4   | Reached skill level 10 in Armour
 13151 | Lair:4   | Noticed Snorg
 13161 | Lair:4   | Reached skill level 14 in Poison Magic
 13165 | Lair:4   | Killed Snorg
 13217 | Lair:4   | Found a dark tunnel.
 13233 | Volcano  | Entered a volcano
 13244 | Volcano  | Reached skill level 5 in Stealth
 13296 | Volcano  | Reached skill level 9 in Throwing
 13301 | Volcano  | Reached skill level 10 in Evocations
 13346 | Volcano  | Reached skill level 9 in Dodging
 13346 | Volcano  | Reached XP level 15. HP: 81/117 MP: 20/22
 13358 | Volcano  | Learned a level 2 spell: Lesser Beckoning
 13363 | Volcano  | Learned a level 4 spell: Manifold Assault
 13497 | Lair:4   | Found a staircase to the Slime Pits.
 14220 | Lair:5   | Entered Level 5 of the Lair of Beasts
 14326 | Lair:5   | Reached skill level 1 in Translocations
 14391 | Lair:5   | Reached skill level 6 in Stealth
 14989 | Lair:5   | Reached skill level 10 in Invocations
 15264 | Lair:5   | Gained mutation: You have hidden genetic defects. [a
                  | neqoxec]
 15274 | Lair:5   | HP: 4/115 [rust devil[an obsidian statue] (6)]
 15295 | Lair:5   | Slain by an ice devil

Illustrated notes

Levels and vault maps discovered:
D:1:      psy_arrival_statuary, layout_loops_ring, basic_ecumenical_altar
D:2:      layout_loops_ring
D:3:      layout_loops_ring, portal_sewer_entry_d, grunt_ministairs_1,
          uniq_robin
D:4:      layout_loops_cross, minmay_quadrilaterals
D:5:      layout_layer_cave, uniq_eustachio
D:6:      layout_gridville, elyvilon_altar_4, nicolae_half_adder
D:7:      layout_basic, fedhas_altar_1, minmay_temple_entry_butterflies,
          uniq_joseph, uniq_maggie
D:8:      layout_basic, nicolae_eternal_life, centaur_isle
D:9:      layout_loops_cross
D:10:     layout_loops_ring, lemuel_coloured_pillars_altar, special_room
          [special_room_orc], serial_shops, nicolae_shop_hallway_plus,
          nrook_loot_triangle, uniq_fannar, uniq_amaemon
D:11:     layout_long_grid, lair_entry_dummy, erik_orc_1
Temple:   hellmonk_temple_of_storms
Lair:1:   layout_regular_city, serial_bayou_lake_a, grunt_megastairs_1,
          serial_bayou_shore_b
Lair:2:   statuecave_lemuel, layout_chaotic_city
Lair:3:   layout_chaotic_city, swamp_mist_pool, minmay_snake_entry_spellcaster,
          cheibrodos_lair_lostbears
Lair:4:   layout_loops_ring, slime_entry_1, enter_volcano_1, grunt_megastairs_3,
          uniq_snorg
Lair:5:   due_jungle_book, layout_layer_cave, nicolae_lair_liquid_snakes,
          grunt_megastairs_5
Orc:1:    layout_caves, uniq_jorgrun
Orc:2:    st_orc_elflike, layout_caves, abandoned_shop,
          nicolae_orc_flooded_monolith

Skill      XL: |  1  2  3  4  5  6  7  8  9 10 11 12 13 14 15 |
---------------+----------------------------------------------+-----
Spellcasting   | 3 |  3.8
Poison Magic   | 5 6 7 8 9 10 11 12 13 14 | 14.6
Fighting       | 1 2 3 4 5 6 7 8 9 10 | 10.8
Armour         | 1 2 3 4 5 6 7 8 9 10 | 10.7
Dodging        | 2 3 4 5 6 7 8 9 |  9.2
Evocations     | 1 2 4 5 6 7 9 10 | 10.3
Throwing       | 1 2 3 4 6 7 8 9 |  9.4
Transmutations | 3 4 5 |  5.0
Invocations    | 3 5 6 8 9 10 | 10.0
Stealth        | 5 6 |  6.0
Translocations | 1 |  1.9

Action                     |  1- 3 |  4- 6 |  7- 9 | 10-12 | 13-15 || total
---------------------------+-------+-------+-------+-------+-------++-------
  Melee: Unarmed           |    21 |       |       |       |       ||    21
         Dagger            |     9 |    19 |       |       |       ||    28
         Punch             |     1 |     1 |     2 |       |       ||     4
         Hand axe          |       |    52 |   132 |   306 |   482 ||   972
   Cast: Sting             |    33 |    48 |     1 |       |       ||    82
         Olgreb's Toxic Ra |       |     4 |    12 |    47 |    56 ||   119
         Ignite Poison     |       |       |       |    14 |    16 ||    30
         Mephitic Cloud    |       |       |       |     4 |       ||     4
 Invoke: Slouch            |       |       |       |       |     2 ||     2
  Evoke: Wand              |       |       |       |     4 |       ||     4
    Use: Scroll            |       |       |     7 |     3 |    11 ||    21
         Potion            |       |       |       |       |     5 ||     5
   Stab: Sleeping          |     1 |     5 |     3 |     1 |     1 ||    11
         Paralysed         |       |       |       |    14 |       ||    14
 Armour: Robe              |    11 |    43 |       |       |       ||    54
         Troll leather arm |       |     4 |    61 |   145 |   243 ||   453
  Dodge: Dodged            |    36 |    66 |    96 |   356 |   762 ||  1316

Table legend: (Time is in decaauts)
 A = Elapsed time spent in this place.
 B = Non-inter-level travel time spent in this place.
 C = Inter-level travel time spent in this place.
 D = Time resting spent in this place.
 E = Time spent auto-exploring this place.
 F = Levels seen in this place.
 G = Mean time per level.
                   A        B        C        D        E       F      G
               +--------+--------+--------+--------+--------+-----+--------+
         Total |  22077 |  20435 |   1642 |    665 |  15127 |  21 | 1051.3 |
       Dungeon |  11322 |  10349 |    973 |    457 |   7634 |  11 | 1029.3 |
        Temple |     52 |     33 |     19 |      0 |      9 |   1 |   52.0 |
          Lair |   8190 |   7595 |    595 |    126 |   5962 |   5 | 1638.0 |
  Orcish Mines |   1985 |   1932 |     53 |     60 |   1435 |   2 |  992.5 |
         Sewer |    185 |    185 |      0 |      0 |     86 |   1 |  185.0 |
       Volcano |    340 |    340 |      0 |     22 |      0 |   1 |  340.0 |
               +--------+--------+--------+--------+--------+-----+--------+

Top non-repeatable levels by time:
  Lair:5: 1902 daAuts
  Lair:1: 1730 daAuts
  Lair:4: 1594 daAuts
    D:11: 1592 daAuts
  Lair:3: 1557 daAuts
     D:8: 1528 daAuts
  Lair:2: 1405 daAuts
    D:10: 1377 daAuts
     D:9: 1268 daAuts
     D:5: 1169 daAuts
   Orc:2: 1130 daAuts
   Orc:1: 855 daAuts
     D:6: 844 daAuts
     D:3: 779 daAuts
     D:1: 764 daAuts
